 Dungeon Crawl Stone Soup version 0.28.0-43-g3370ac3207 (webtiles) character file.

Game seed: 825848760988801331

18 386 the Bolt Thrower (level 2, -3/25 HPs)
             Began as a Minotaur Hunter on Mar 1, 2022.
             Slain by a gnoll
             ... wielding a +0 flail
              (8 damage)
             ... on level 1 of the Dungeon.
             The game lasted 00:01:16 (286 turns).

386 the Bolt Thrower (Minotaur Hunter)               Turns: 286, Time: 00:01:16

Health: -3/25      AC:  3    Str: 16    XL:     2   Next: 48%
Magic:  1/1        EV: 12    Int:  8    God:
Gold:   28         SH:  0    Dex: 10    Spells: 1/1 levels left

rFire   . . .      SeeInvis .   b - +0 short sword
rCold   . . .      Faith    .   (no shield)
rNeg    . . .      Spirit   .   c - +0 leather armour
rPois   .          Reflect  .   (helmet restricted)
rElec   .          Harm     .   (no cloak)
rCorr   .          Rampage  .   (no gloves)
Will    .....                   (no boots)
Stlth   +.........              (no amulet)
HPRegen 0.08/turn               (no ring)
MPRegen 0.07/turn               (no ring)

@: no status effects
A: horns 2, retaliatory headbutt
a: no special abilities


You were on level 1 of the Dungeon.
You visited 1 branch of the dungeon, and saw 1 of its levels.

You collected 28 gold pieces.

Inventory:

Hand Weapons
 a - a +1 hand crossbow
 b - a +0 short sword (weapon)
Missiles
 d - 20 bolts
 h - 3 poisoned darts (quivered)
Armour
 c - a +0 leather armour (worn)
Scrolls
 f - a scroll of enchant armour {unknown}
Potions
 e - 2 potions of lignification {unknown}
 g - 3 potions of brilliance {unknown}


   Skills:
 + Level 2.8 Fighting
 - Level 4.5 Crossbows
 + Level 0.5 Armour
 + Level 2.5 Dodging
 + Level 1.2 Stealth


You had one spell level left.
You didn't know any spells.
Your spell library contained the following spells:

 Spells                   Type           Power      Damage    Failure   Level
 Gell's Gravitas          Tloc           0%         N/A       85%         3
 Teleport Other           Tloc           0%         N/A       85%         3
 Dispersal                Tloc           0%         N/A       100%        6


Dungeon Overview and Level Annotations

Branches:
Dungeon (1/15)

Altars:


Innate Abilities, Weirdness & Mutations

You have a pair of horns on your head.
You reflexively headbutt those who attack you in melee.


Message History

You kill the giant cockroach!
g - 3 white potions No target in view!
No target in view!
A rat comes into view.
A rat is nearby!
Found 3 poisoned darts.
A goblin comes into view. It is wielding a +0 club.
A rat comes into view.
The goblin shouts!
You barely miss the goblin. The rat barely misses you. You furiously retaliate!
You headbutt the rat!
You kill the rat!
The goblin barely misses you. You furiously retaliate!
You headbutt the goblin.
You kill the goblin!
Found a hunting sling.
You see here 3 poisoned darts.
h - 3 poisoned darts You see here a +0 hunting sling.
A gnoll comes into view. It is wielding a +0 flail.
A rat comes into view.
Found 11 gold pieces and a smoky yellow potion.
You barely miss the gnoll. The gnoll misses you.
You hit the gnoll. You headbutt the gnoll.
The gnoll is severely wounded.
The gnoll hits you but does no damage.
You hit the gnoll.
The gnoll is almost dead.
The gnoll hits you with a +0 flail.
You closely miss the gnoll. Your headbutt misses the gnoll.
The gnoll is almost dead.
The gnoll hits you with a +0 flail!
Ouch! That really hurt!
* * * LOW HITPOINT WARNING * * *
You are too injured to fight recklessly!
You are too injured to fight recklessly!
You hit the gnoll.
The gnoll is almost dead.
The gnoll hits you with a +0 flail!
You die...

.............#
.............##
...............
............#
#........!.#
..#......r..$#
#......g.....#
#@##########
.####.......... ..
#.......)#####.# #..
#.
####........##.##..
...
#.....##.......##.##
#..........#.##.....
#............#....##
#.......).......#
#.......†.....##


You could see a gnoll and a rat.

Vanquished Creatures
  A dart slug (D:1)
  2 endoplasms (D:1)
  A giant cockroach (D:1)
  A goblin (D:1)
  2 quokkas (D:1)
  4 ball pythons (D:1)
  A kobold (D:1)
  3 rats (D:1)
15 creatures vanquished.

Notes
Turn   | Place    | Note
-------+----------+-------------------------------------------
     0 | D:1      | 386 the Minotaur Hunter began the quest for the Orb.
     0 | D:1      | Reached XP level 1. HP: 18/18 MP: 0/0
    49 | D:1      | Reached skill level 1 in Stealth
    77 | D:1      | Reached XP level 2. HP: 20/25 MP: 1/1
   286 | D:1      | Slain by a gnoll

Illustrated notes

Levels and vault maps discovered:
D:1:      dpeg_arrival_simpleton_b, layout_rooms, grunt_decor_cap,
          minmay_pentomino_v4

Skill      XL: |  1 |
---------------+----+-----
Stealth        | 1 |  1.2
Fighting       | |  2.8
Crossbows      | |  4.5
Armour         | |  0.5
Dodging        | |  2.5

Action                   || total
-------------------------++-------
Melee: Short sword       ||    26
       Headbutt          ||     4
Armor: Leather armour    ||     5
Dodge: Dodged            ||    15
